 Dungeon Crawl Stone Soup version 0.31-a0-185-g9dded2c639 (webtiles) character file.

Game seed: 686713284317455847

552 qw the Skirmisher (level 7, -3/40 HPs)
             Began as a Deep Elf Hunter on June 22, 2023.
             Succumbed to a water moccasin's poison
             ... on level 5 of the Dungeon.
             The game lasted 00:01:22 (3332 turns).

qw the Skirmisher (Deep Elf Hunter)                 Turns: 3332, Time: 00:01:22

Health: -3/40      AC:  6    Str: 10    XL:     7   Next: 8%
Magic:  9/9        EV: 12    Int: 14    God:
Gold:   205        SH:  0    Dex: 18    Spells: 6/6 levels left

rFire   . . .        Y - +1 shortbow
rCold   + . .        (shield currently unavailable)
rNeg    . . .        m - +1 ring mail
rPois   .            (no helmet)
rElec   .            (no cloak)
rCorr   .            (no gloves)
SInv    .            (no boots)
Will    .....        (no amulet)
Stlth   +            e - ring of protection from cold
HPRegen 0.26/turn    (no ring)
MPRegen 0.11/turn

%: no passive effects
@: lethally poisoned (-3 -> -40)
A: no striking features
a: no special abilities


You were on level 5 of the Dungeon.
You visited 1 branch of the dungeon, and saw 5 of its levels.

You collected 205 gold pieces.


   Skills:
 - Level 2.5 Fighting
 + Level 10.2 Ranged Weapons
 - Level 3.8 Dodging
 - Level 1.2 Stealth


You had 6 spell levels left.
You didn't know any spells.
Your spell library was empty.

Inventory:

Hand Weapons
 Y - a +1 shortbow (weapon)
Armour
 m - a +1 ring mail (worn)
 n - the +0 leather armour of Lanu {rPois rC- Str+4}
   (You found it on level 4 of the Dungeon)

   Str:       It affects your strength (+4).
   rC:        It makes you vulnerable to cold.
   rPois:     It protects you from poison.
Jewellery
 a - a +4 ring of protection
 e - a ring of protection from cold (left hand)
Scrolls
 i - a scroll of identify
Potions
 d - a potion of might
 f - a potion of mutation
 g - a potion of cancellation

Dungeon Overview and Level Annotations

Branches:
Dungeon (5/15)
 Temple: D:4-7

Altars:
Elyvilon
Hepliaklqana
Nemelex Xobeh

Shops:
D:5 [(:*


Message History

The water moccasin closely misses you. The adder misses you.
You shoot an arrow. The arrow hits the water moccasin.
The water moccasin is heavily wounded.
You feel sick. The water moccasin barely misses you. The adder misses you.
The water moccasin closely misses you.
You shoot an arrow.
The arrow closely misses the water moccasin.
You feel sick. The adder bites you. The water moccasin barely misses you.
The adder bites you.
3327 ||| DRINKING potion of heal wounds.
You feel much better.
You feel sick. The water moccasin barely misses you. The adder bites you.
You are more poisoned.
The adder poisons you! The water moccasin closely misses you.
You shoot an arrow.
The arrow barely misses the water moccasin.
You feel sick. The adder bites you but does no damage.
The water moccasin barely misses you.
You shoot an arrow. The arrow misses the water moccasin.
You feel sick. The adder barely misses you. The water moccasin bites you!
You are more poisoned.
The water moccasin poisons you!
The water moccasin bites you but does no damage.
The adder misses you.
You shoot an arrow. The arrow hits the water moccasin.
The water moccasin is heavily wounded.
You feel very sick. The water moccasin bites you.
You are lethally poisoned!
The water moccasin poisons you! The adder misses you.
You shoot an arrow. The arrow hits the water moccasin.
The water moccasin is severely wounded.
You feel very sick. The water moccasin bites you!
You are more poisoned.
The water moccasin poisons you! The adder misses you.
The water moccasin bites you but does no damage.
You shoot an arrow. The arrow hits the water moccasin.
The water moccasin is severely wounded.
You die...

########
#......#
#.####.####
##.##......#
######
#.....#.##.#
#S@..###
#..####.##.#
#S##...#
#..####.##.###.S
###.#
#.......##...#.\
#.#.#
#.############..
#.#.# ...#
##+##.#.# #.##
########......#
#..#
#.....#####.####
##.# #.....#
#....#


You could see a water moccasin, an adder and a ball python.

Vanquished Creatures
  2 ice beasts (D:5)
  An ogre (D:5)
  A phantom (D:5)
  A sleepcap (D:5)
  3 gnolls (D:4)
  7 adders
  2 worms
  2 dart slugs
  6 orcs
  8 ball pythons
  11 endoplasms
  2 giant cockroaches (D:4)
  7 goblins
  5 hobgoblins
  3 jackals (D:4)
  3 quokkas
  3 bats
  3 frilled lizards
  6 kobolds
  2 rats (D:1)
78 creatures vanquished.

Notes
Turn   | Place    | Note
-------+----------+-------------------------------------------
     0 | D:1      | qw the Deep Elf Hunter began the quest for the Orb.
     0 | D:1      | Reached XP level 1. HP: 12/12 MP: 3/3
     0 | D:1      | 0 ||| qw: Version: 0.3-a-9-g12657ce
     0 | D:1      | 0 ||| qw: Game counter: 1775
     0 | D:1      | 0 ||| qw: Always use a shield: true
     0 | D:1      | 0 ||| qw: God list: Okawaru
     0 | D:1      | 0 ||| qw: Allow faded altars: false
     0 | D:1      | 0 ||| qw: Do Orc after D:15 true
     0 | D:1      | 0 ||| qw: Do second Lair branch before Depths: true
     0 | D:1      | 0 ||| qw: Lair rune preference: random
     0 | D:1      | 0 ||| qw: Plans: Normal
     0 | D:1      | 0 ||| PLANNING D:1-11
    33 | D:1      | Reached XP level 2. HP: 16/16 MP: 4/4
    64 | D:1      | Reached skill level 6 in Ranged Weapons
   408 | D:1      | 408 ||| READING scroll labelled KEANLUI KOXYECK.
   409 | D:1      | 409 ||| READING scroll labelled TOZE SEUN ULI.
   410 | D:1      | 410 ||| DROPPING scroll of butterflies.
   481 | D:2      | Reached XP level 3. HP: 20/20 MP: 5/5
   604 | D:2      | Found a faded altar of an unknown god.
   662 | D:2      | Reached skill level 7 in Ranged Weapons
   917 | D:2      | Reached XP level 4. HP: 25/25 MP: 6/6
  1017 | D:2      | 1017 ||| READING scroll labelled WEBBYA VONU.
  1018 | D:2      | 1018 ||| READING scroll labelled XAR QOGOANIAN.
  1019 | D:2      | 1019 ||| READING scroll labelled TIESUU EZXUT.
  1020 | D:2      | 1020 ||| READING scroll labelled LEULUOZ ERIE.
  1022 | D:2      | 1022 ||| Stepping ~*~*~tactically~*~*~ (cloud).
  1027 | D:2      | HP: 6/25 [poisoned by you (poison gas)]
  1305 | D:3      | Found a hazy altar of Hepliaklqana.
  1305 | D:3      | Identified the +5 dagger of the Vaults {drain, rF- Will++
                  | Str+2 SInv Stlth+}
  1356 | D:3      | Found a white marble altar of Elyvilon.
  1835 | D:3      | 1835 ||| UPGRADING to ring of protection from cold.
  1836 | D:3      | 1836 ||| DRINKING 2 cyan potions.
  1837 | D:3      | 1837 ||| READING 2 scrolls of identify.
  1837 | D:3      | 1837 ||| IDENTIFYING fuming pink potion
  1838 | D:3      | 1838 ||| DROPPING potion of attraction.
  1863 | D:4      | Reached skill level 8 in Ranged Weapons
  1920 | D:4      | Reached XP level 5. HP: 21/29 MP: 7/7
  2255 | D:4      | Identified the +0 leather armour of Lanu {rPois rC- Str+4}
  2455 | D:4      | 2455 ||| UPGRADING to +0 ring mail.
  2465 | D:4      | 2465 ||| DROPPING +0 leather armour.
  2466 | D:4      | 2466 ||| READING scroll of enchant armour.
  2466 | D:4      | 2466 ||| ENCHANTING +0 ring mail.
  2467 | D:4      | 2467 ||| DROPPING ring of flight.
  2468 | D:4      | 2468 ||| READING scroll labelled WOKLACY RAAL.
  2469 | D:4      | 2469 ||| READING scroll labelled FIEDEX QAHE.
  2570 | D:4      | 2570 ||| DRINKING 2 white potions.
  2571 | D:4      | 2571 ||| DRINKING 2 sedimented purple potions.
  2572 | D:4      | 2572 ||| READING 3 scrolls of identify.
  2572 | D:4      | 2572 ||| IDENTIFYING fizzy emerald potion
  2573 | D:4      | 2573 ||| READING 2 scrolls of identify.
  2573 | D:4      | 2573 ||| IDENTIFYING bubbling orange potion
  2574 | D:4      | 2574 ||| DROPPING potion of magic.
  2609 | D:5      | Entered Level 5 of the Dungeon
  2609 | D:5      | Noticed an ice beast
  2609 | D:5      | Found Viomaat's Book Boutique.
  2609 | D:5      | Found Wiucerovvi's Antique Weapon Boutique.
  2609 | D:5      | Found Kicoph's Antique Armour Boutique.
  2612 | D:5      | 2612 ||| Stepping randomly (stuck).
  2656 | D:5      | 2656 ||| FLEEEEING.
  2657 | D:5      | 2657 ||| STAIRDANCE
  2724 | D:5      | Found a sparkling altar of Nemelex Xobeh.
  2736 | D:5      | Noticed an ogre
  2743 | D:5      | Killed an ogre
  2744 | D:5      | Reached skill level 9 in Ranged Weapons
  2744 | D:5      | Reached XP level 6. HP: 22/34 MP: 8/8
  2753 | D:5      | Killed an ice beast
  2778 | D:5      | 2778 ||| FLEEEEING.
  2779 | D:5      | 2779 ||| FLEEEEING.
  2780 | D:5      | 2780 ||| FLEEEEING.
  2781 | D:5      | 2781 ||| FLEEEEING.
  2782 | D:5      | 2782 ||| FLEEEEING.
  2788 | D:5      | 2788 ||| FLEEEEING.
  2789 | D:5      | 2789 ||| FLEEEEING.
  2790 | D:5      | 2790 ||| FLEEEEING.
  2791 | D:5      | 2791 ||| FLEEEEING.
  2792 | D:5      | 2792 ||| FLEEEEING.
  2794 | D:5      | 2794 ||| STAIRDANCE
  2856 | D:5      | Reached skill level 10 in Ranged Weapons
  2961 | D:5      | Noticed an ice beast
  2981 | D:5      | Killed an ice beast
  2982 | D:5      | Reached skill level 3 in Dodging
  2982 | D:5      | Reached XP level 7. HP: 13/40 MP: 9/9
  3310 | D:5      | Found Mastie's Serpentskin Sales.
  3320 | D:5      | HP: 10/40 [water moccasin (2)]
  3321 | D:5      | 3321 ||| DRINKING 2 potions of heal wounds.
  3326 | D:5      | HP: 10/40 [adder (3)]
  3327 | D:5      | 3327 ||| DRINKING potion of heal wounds.
  3331 | D:5      | HP: 5/40 [water moccasin (7)]
  3332 | D:5      | Succumbed to a water moccasin's poison

Levels and vault maps discovered:
D:1:      minmay_arrival_stair_chambers, layout_rooms, minmay_surrounded
D:2:      layout_loops_ring, shapermc_ecumenical_altar_mp_urbaneastern,
          serial_bayou_pond_e
D:3:      layout_basic, mainiacjoe_overflow_catch_the_wave
D:4:      layout_basic
D:5:      layout_loops_cross, nemelex_xobeh_ov_fountains_minmay,
          nicolae_shop_distant_corner_stores, minmay_stone_trees_small,
          guppyfry_shop_venom

Skill      XL: |  1  2  3  4  5  6 |
---------------+-------------------+-----
Ranged Weapons | 6 7 8 9 10 | 10.2
Fighting       | 2 |  2.5
Dodging        | 3 |  3.8
Stealth        | |  1.2

Action                     |  1- 3 |  4- 6 |  7- 9 || total
---------------------------+-------+-------+-------++-------
   Fire: Shortbow          |    80 |   166 |    28 ||   274
    Use: Scroll            |     2 |    10 |       ||    12
         Potion            |       |     3 |     2 ||     5
 Armour: Leather armour    |     5 |     7 |       ||    12
         Ring mail         |       |    10 |    13 ||    23
  Dodge: Dodged            |    13 |    36 |    32 ||    81

Table legend:
 A = Non-vault XP
 B = Vault XP
 C = Vault XP percentage of total XP
 D = Non-vault monster count
 E = Vault monster count
 F = Vault count percentage of total count
                 A         B        C        D         E       F
            +---------+---------+-------+---------+---------+-------
      Total |     783 |       6 |   0.8 |      74 |       4 |   5.1
            +---------+---------+-------+---------+---------+-------
        D:1 |      25 |       6 |  19.4 |      13 |       4 |  23.5
        D:2 |      67 |       0 |   0.0 |      18 |       0 |   0.0
        D:3 |      46 |       0 |   0.0 |      15 |       0 |   0.0
        D:4 |     109 |       0 |   0.0 |      20 |       0 |   0.0
        D:5 |     536 |       0 |   0.0 |       8 |       0 |   0.0
            +---------+---------+-------+---------+---------+-------
